 Dungeon Crawl Stone Soup version 0.21-a0 (webtiles) character file.

114 Lexie the Firebug (level 4, -2/27 HPs)
             Began as an Octopode Fire Elementalist on May 19, 2017.
             Slain by a gnoll
             ... wielding a +0 club
              (6 damage)
             ... on level 3 of the Dungeon.
             The game lasted 00:02:54 (2701 turns).

Lexie the Firebug (Octopode Fire Elementalist)      Turns: 2701, Time: 00:02:55

Health: -2/27      AC:  1    Str:  7    XL:     4   Next: 97%
Magic:  0/8        EV: 13    Int: 18    God:
Gold:   92         SH:  0    Dex: 12    Spells: 2/8 levels left

rFire    . . .     SeeInvis .   (no weapon)
rCold    . . .     Gourm    .   (no shield)
rNeg     . . .     Faith    .   (helmet restricted)
rPois    .         Spirit   .   (no amulet)
rElec    .         Reflect  .   i - ring of loudness (curse)
rCorr    .         Harm     .   (no ring)
MR       .....                  (no ring)
Stlth    ++........             (no ring)
Regen    0.1/turn               (no ring)
MPRegen  0.2/turn               (no ring)
                                (no ring)
                                (no ring)

@: very slightly contaminated
A: almost no armour, stealthy swim, amphibious, 8 rings, constrict 8, camouflage
1, gelatinous body 1
a: no special abilities


You were on level 3 of the Dungeon.
You were hungry.

You visited 1 branch of the dungeon, and saw 3 of its levels.

You collected 92 gold pieces.

Inventory:

Jewellery
 i - a cursed ring of loudness (left tentacle)
Scrolls
 g - 5 scrolls of remove curse {unknown}
 h - 2 scrolls of identify {unknown}
 k - a scroll of enchant weapon {unknown}
Potions
 c - a potion of mutation {unknown}
 d - a potion of lignification {unknown}
 e - a potion of invisibility {unknown}
 f - a potion of degeneration {unknown}
 j - a potion of heal wounds
 l - a potion of curing {unknown}
Books
 a - a book of Flames

   Spells                             Type                      Level
   a - Flame Tongue                   Conjuration/Fire             1
   b - Throw Flame                    Conjuration/Fire             2
   c - Conjure Flame                  Conjuration/Fire             3
   d - Inner Flame                    Hexes/Fire                   3
   e - Sticky Flame                   Conjuration/Fire             4
   f - Fireball                       Conjuration/Fire             5
Comestibles
 b - 2 bread rations
 m - a royal jelly


   Skills:
 - Level 2.0 Dodging
 - Level 2.6 Stealth
 + Level 2.9 Spellcasting
 + Level 2.8 Conjurations
 + Level 4.0 Fire Magic


You had 2 spell levels left.
You knew the following spells:

 Your Spells              Type           Power        Failure   Level  Hunger
a - Flame Tongue          Conj/Fire      ##...        4%          1    None
b - Throw Flame           Conj/Fire      ##....       6%          2    ##.....
c - Conjure Flame         Conj/Fire      ##......     12%         3    ###....


Dungeon Overview and Level Annotations

Branches:
Dungeon (3/15)

Altars:


Innate Abilities, Weirdness & Mutations

You cannot wear most types of armour.
You are very stealthy in the water. (Stealth+)
You are amphibious.
You can wear up to eight rings at the same time.
You can use your tentacles to constrict eight enemies at once.
Your skin changes colour to match your surroundings (Stealth+).
Your rubbery body absorbs attacks. (AC +1, EV +1)


Message History

You tentacle-slap the gnoll but do no damage.
Your grab misses the gnoll.
The gnoll is heavily wounded.
The gnoll hits you with a club.
You closely miss the gnoll. You grab the gnoll.
The gnoll is heavily wounded.
You constrict the gnoll. The gnoll barely misses you.
Casting: Flame Tongue
Confirm with . or Enter, or press ? or * to list all spells.
Aiming: Flame Tongue
Press: ? - help, Shift-Dir - straight line, f/p - gnoll
Aim: a gnoll, wielding a club (heavily wounded, constricted by you)
The flame tongue hits the gnoll.
The gnoll is severely wounded.
You constrict the gnoll. The gnoll hits you with a club!
* * * LOW HITPOINT WARNING * * *
You tentacle-slap the gnoll but do no damage.
The gnoll is almost dead.
You constrict the gnoll. The gnoll hits you with a club.
You die...

#....# .# #....##.#
#....##.##
+........#
#...#..##########
#.g.#..#........#
.gg..#.#..#.####.###
.#g###....#....#...#
#. #..g.####.#@#.# #
##.....g..#g#.#
##>####..#.#.# ###
#...)#.# #.####.#
#.####.# #...)..#
########


You could see a gnoll.

Vanquished Creatures
  3 gnolls
  2 adders (D:2)
  An ooze (D:2)
  4 dart slugs
  2 ball pythons (D:1)
  4 bats
  4 giant cockroaches (D:2)
  10 goblins
  2 hobgoblins
  9 kobolds
  A quokka (D:2)
  4 frilled lizards
  11 rats
57 creatures vanquished.

Notes
Turn   | Place    | Note
-------+----------+-------------------------------------------
     0 | D:1      | Lexie the Octopode Fire Elementalist began the quest for the Orb.
     0 | D:1      | Reached XP level 1. HP: 11/11 MP: 3/3
   169 | D:1      | Reached XP level 2. HP: 17/17 MP: 1/5
   879 | D:1      | Reached XP level 3. HP: 17/21 MP: 1/6
  1269 | D:1      | Learned a level 2 spell: Throw Flame
  1273 | D:1      | Learned a level 3 spell: Conjure Flame
  1831 | D:2      | Reached XP level 4. HP: 22/27 MP: 5/7
  2541 | D:2      | Reached skill level 4 in Fire Magic
  2701 | D:3      | Slain by a gnoll

Vault maps used:
D:1:      lemuel_arrival_muddy
D:2:      first_bread, grunt_decor_resistance
D:3:      old_standard_altar

Skill      XL: |  1  2  3  4 |
---------------+-------------+-----
Conjurations   | 2 |  2.8
Fire Magic     | 4 |  4.0
Dodging        | |  2.0
Stealth        | |  2.6
Spellcasting   | |  2.9

Action                   |  1- 3 |  4- 6 || total
-------------------------+-------+-------++-------
Melee: Unarmed           |    16 |     9 ||    25
       Constrict         |     4 |     2 ||     6
       Tentacles         |     2 |     1 ||     3
 Cast: Flame Tongue      |    54 |    40 ||    94
       Conjure Flame     |       |     1 ||     1
  Use: Potion            |       |     1 ||     1
  Eat: Chunk             |     3 |     2 ||     5
Armor: Skin              |     1 |     2 ||     3
Dodge: Dodged            |    25 |    11 ||    36
